 Dungeon Crawl Stone Soup version 0.31-a0-965-g8a8ce12e04 (webtiles) character file.

Game seed: 11622518836275583145

16 Maxmaps the Sneak (level 2, -3/21 HPs)
             Began as an Octopode Monk on Oct 26, 2023.
             Slain by a goblin
             ... wielding a +0 dagger of venom
              (4 damage)
             ... on level 1 of the Dungeon.
             The game lasted 00:00:29 (291 turns).

Maxmaps the Sneak (Octopode Monk)                    Turns: 291, Time: 00:00:29

Health: -3/21      AC:  1    Str: 16    XL:     2   Next: 54%
Magic:  2/2        EV: 14    Int: 12    God:
Gold:   42         SH:  0    Dex: 14    Spells: 1/1 levels left

rFire   . .          .
                       - Unarmed
rCold   . . .        (no shield)
rNeg    . . .        (helmet restricted)
rPois   .            (no amulet)
rElec   .            c - ring of resist corrosion
rCorr   +            h - +6 ring of strength
SInv    .            (no ring)
Will    .....        (no ring)
Stlth   +++          (no ring)
HPRegen 0.23/turn    (no ring)
MPRegen 0.08/turn    (no ring)
                     (no ring)

%: no passive effects
@: no status effects
A: almost no armour, amphibious, 8 rings, camouflage 1, gelatinous body 1,
(nimble swimmer 1), tentacles
a: no special abilities


You were on level 1 of the Dungeon.
You visited 1 branch of the dungeon, and saw 1 of its levels.

You collected 42 gold pieces.

Inventory:

Armour
 b - an orb of light
Jewellery
 c - a ring of resist corrosion (left tentacle)
 h - a +6 ring of strength (right tentacle)
Scrolls
 d - a scroll of amnesia {unknown}
 f - a scroll of vulnerability {unknown}
 g - a scroll of identify {unknown}
 i - a scroll of summoning {unknown}
Potions
 a - a potion of ambrosia
 e - a potion of heal wounds {unknown}


   Skills:
 - Level 3.0 Fighting
 - Level 3.0 Dodging
 + Level 3.2 Stealth
 - Level 3.0 Unarmed Combat


You had one spell level left.
You didn't know any spells.
Your spell library was empty.

Dungeon Overview and Level Annotations

Branches:
Dungeon (1/15)

Altars:


Innate Abilities, Weirdness & Mutations

You cannot wear most types of armour.
You are amphibious.
You can wear up to eight rings at the same time.
Your skin changes colour to match your surroundings (Stealth+).
Your rubbery body absorbs attacks. (AC +1, EV +1)
((You are camouflaged when in or above water. (Stealth+)))
You have tentacles for arms and can constrict up to eight enemies at once.


Message History

a +0 dagger; a goblin corpse
There are monsters nearby!
An endoplasm and a frilled lizard come into view.
The frilled lizard hisses angrily.
The kobold shouts!
The kobold throws a stone.
The stone barely misses you.
The frilled lizard hisses angrily.
There are monsters nearby!
There are monsters nearby!
A goblin comes into view. It is wielding a +0 dagger of venom.
The goblin shouts!
The frilled lizard barely misses you. The frilled lizard bites you.
You tentacle-slap the kobold.
You kill the kobold!
The frilled lizard barely misses you. The frilled lizard closely misses you.
You tentacle-slap the endoplasm but do no damage.
The frilled lizard misses you.
The frilled lizard bites you but does no damage.
The endoplasm freezes you.
You are frozen.
You tentacle-slap the endoplasm but do no damage.
The frilled lizard bites you. The endoplasm closely misses you.
The frilled lizard closely misses you.
Unknown command.
You tentacle-slap the endoplasm.
The endoplasm is almost dead.
The frilled lizard bites you. The endoplasm hits you.
The frilled lizard bites you.
* * * LOW HITPOINT WARNING * * *
You are too injured to fight recklessly!
Unknown command.
You are too injured to fight recklessly!
You tentacle-slap the endoplasm.
You kill the endoplasm!
The frilled lizard bites you.
* * * LOW HITPOINT WARNING * * *
The frilled lizard bites you.
* * * LOW HITPOINT WARNING * * *
The goblin attacks as it pursues you!
The goblin hits you with a +0 dagger of venom.
You die...

####.##......###..
......)..##
#.#######......
########## #.#
##...##.# ####.#
#....#..### #
.....#
#...##....#.#
###### #..........
#.)#..l)#
#..###lg#
#....#@##.#
#....)....#
###....#### ######


You could see a goblin and 2 frilled lizards.

Vanquished Creatures
  A dart slug (D:1)
  3 bats (D:1)
  An endoplasm (D:1)
  A giant cockroach (D:1)
  A goblin (D:1)
  2 hobgoblins (D:1)
  3 kobolds (D:1)
  A rat (D:1)
13 creatures vanquished.

Notes
Turn   | Place    | Note
-------+----------+-------------------------------------------
     0 | D:1      | Maxmaps the Octopode Monk began the quest for the Orb.
     0 | D:1      | Reached XP level 1. HP: 16/16 MP: 1/1
    69 | D:1      | Reached skill level 1 in Stealth
   177 | D:1      | Reached XP level 2. HP: 21/21 MP: 2/2
   290 | D:1      | HP: 1/21 [frilled lizard (3)]
   291 | D:1      | Slain by a goblin

Illustrated notes

Levels and vault maps discovered:
D:1:      amcnicky_arrival_wind_blow, layout_loops_ring, minmay_pentomino_z4

Skill      XL: |  1  2 |
---------------+-------+-----
Stealth        | 2 3 |  3.2
Fighting       | |  3.0
Dodging        | |  3.0
Unarmed Combat | |  3.0

Action                     || total
---------------------------++-------
  Melee: Unarmed           ||    26
         Constrict         ||     8
         Tentacles         ||     4
         Punch             ||     2
   Stab: Sleeping          ||     4
 Armour: Skin              ||    19
  Dodge: Dodged            ||    20

Table legend: (Time is in decaauts)
 A = Elapsed time spent in this place.
 B = Non-inter-level travel time spent in this place.
 C = Inter-level travel time spent in this place.
 D = Time resting spent in this place.
 E = Time spent auto-exploring this place.
 F = Levels seen in this place.
 G = Mean time per level.
                   A        B        C        D        E       F      G
               +--------+--------+--------+--------+--------+-----+--------+
         Total |    288 |    288 |      0 |      0 |    207 |   1 |  288.0 |
       Dungeon |    288 |    288 |      0 |      0 |    207 |   1 |  288.0 |
               +--------+--------+--------+--------+--------+-----+--------+

Top non-repeatable levels by time:
     D:1: 288 daAuts
